 Dungeon Crawl Stone Soup version 0.29-a0-844-ge8845773e3 (webtiles) character file.

Game seed: 7269174265116206846

3550 Garessta the Magician (level 10, 18/77 HPs)
             Began as a Gnoll Warper on July 15, 2022.
             Quit the game on level 7 of the Dungeon.
             The game lasted 00:23:34 (8653 turns).

Garessta the Magician (Gnoll Warper)                Turns: 8653, Time: 00:23:35

Health: 18/77      AC: 14    Str: 20    XL:     10   Next: 9%
Magic:  20/20      EV: 24    Int: 12    God:
Gold:   28         SH:  0    Dex: 16    Spells: 21/23 levels left

rFire   + + +      SeeInvis .   x - +7 staff of the Meek {protect, meekguard}
rCold   + . .      Faith    .   (shield currently unavailable)
rNeg    + + +      Spirit   .   N - +1 plate armour {rF+}
rPois   .          Reflect  .   (no helmet)
rElec   .          Harm     .   J - scarf {rC+ rF+}
rCorr   .          Rampage  .   t - +0 pair of gloves
Will    +....                   (no boots)
Stlth   ..........              h - amulet of the acrobat
HPRegen 0.22/turn               L - ring "Nuareank" {rF+ rN++ Dex+6}
MPRegen 0.17/turn               Q - ring of the Middle {rF+ rN+ Will+ Str+6 Dex-3}

@: acrobatic
A: fangs 1, strong nose, distributed training
a: no special abilities


You were on level 7 of the Dungeon.
You visited 2 branches of the dungeon, and saw 8 of its levels.
You also visited: Ossuary and Bailey.

You collected 698 gold pieces.
You spent 670 gold pieces at shops.

Inventory:

Hand Weapons
 x - the +7 staff of the Meek (weapon) {protect, meekguard}
   (You found it on level 3 of the Dungeon)

   It grants its wielder temporary protection when it strikes (+7 to AC).
   It provides extra protection to wielders with little health.
Missiles
 s - 2 poisoned darts
 u - 2 boomerangs
 H - 4 throwing nets
 O - 2 javelins (quivered)
Armour
 t - a +0 pair of gloves (worn)
 J - a scarf of resistance (worn)
 N - a +1 plate armour of fire resistance (worn)
 R - a +0 buckler
Jewellery
 a - a +6 ring of strength
 h - an amulet of the acrobat (around neck)
 n - a +6 ring of intelligence
 q - an amulet of magic regeneration
 F - a ring of see invisible
 K - a ring of protection from cold
 L - the ring "Nuareank" (left hand) {rF+ rN++ Dex+6}
   (You found it on level 5 of the Dungeon)

   [ring of dexterity]

   Dex:       It affects your dexterity (+6).
   rF:        It protects you from fire.
   rN:        It greatly protects you from negative energy.
 Q - the ring of the Middle (right hand) {rF+ rN+ Will+ Str+6 Dex-3}
   (You bought it in a shop on level 1 of the Dungeon)

   [ring of strength]

   Str:       It affects your strength (+6).
   Dex:       It affects your dexterity (-3).
   rF:        It protects you from fire.
   rN:        It protects you from negative energy.
   Will:      It increases your willpower.
Wands
 o - a wand of digging (6)
 P - a wand of quicksilver (10)
Scrolls
 b - 4 scrolls of poison
 c - a scroll of blinking
 k - 2 scrolls of fog {unknown}
 l - 2 scrolls of magic mapping
 m - 3 scrolls of vulnerability
 p - 4 scrolls of teleportation
 r - 4 scrolls of identify {unknown}
 v - a scroll of silence {unknown}
 w - 2 scrolls of immolation {unknown}
 y - a scroll of amnesia {unknown}
 C - 3 scrolls of enchant weapon {unknown}
 D - 2 scrolls of acquirement {unknown}
 I - a scroll of noise {unknown}
Potions
 d - a potion of ambrosia {unknown}
 e - a potion of heal wounds {unknown}
 f - 3 potions of curing {unknown}
 g - a potion of magic {unknown}
 i - 4 potions of berserk rage {unknown}
 j - a potion of cancellation {unknown}
 z - 3 potions of haste {unknown}
 A - a potion of might {unknown}
 B - a potion of degeneration {unknown}
Miscellaneous
 M - a piece from Xom's chessboard (15/15)


   Skills:
 + Level 6.9 Fighting
 + Level 5.1 Short Blades
 + Level 5.1 Long Blades
 + Level 5.1 Axes
 + Level 5.1 Maces & Flails
 + Level 6.9 Polearms
 + Level 5.1 Staves
 + Level 5.1 Ranged Weapons
 + Level 5.8 Throwing
 + Level 5.8 Armour
 + Level 6.9 Dodging
 + Level 5.1 Stealth
 + Level 5.1 Shields
 + Level 5.1 Unarmed Combat
 + Level 7.2 Spellcasting
 + Level 4.2 Conjurations
 + Level 4.2 Hexes
 + Level 4.2 Summonings
 + Level 4.2 Necromancy
 + Level 7.0 Translocations
 + Level 4.2 Transmutations
 + Level 4.2 Fire Magic
 + Level 4.2 Ice Magic
 + Level 4.2 Air Magic
 + Level 4.2 Earth Magic
 + Level 4.2 Poison Magic
 + Level 5.6 Invocations
 + Level 5.1 Evocations


You had 21 spell levels left.
You knew the following spells:

 Your Spells              Type           Power      Damage    Failure   Level
a - Blink                 Tloc           42%        N/A       32%         2

Your spell library contained the following spells:

 Spells                   Type           Power      Damage    Failure   Level
 Gell's Gravitas          Tloc           21%        N/A       54%         3
 Lesser Beckoning         Tloc           21%        N/A       54%         3
 Teleport Other           Tloc           21%        N/A       54%         3
 Necrotise                Necr           56%        1d6       56%         1
 Poisonous Vapours        Pois/Air       28%        N/A       71%         2
 Vampiric Draining        Necr           14%        2d7       90%         3
 Manifold Assault         Tloc           21%        N/A       99%         5
 Corpse Rot               Necr/Pois/Air  14%        N/A       100%        4
 Agony                    Necr           14%        N/A       100%        5


Dungeon Overview and Level Annotations

Branches:
Dungeon (7/15)             Temple (1/1) D:6         Ossuary (visited)
 Bailey (visited)

Altars:
Cheibriados
Dithmenos
Elyvilon
Fedhas
Hepliaklqana
Makhleb
Nemelex Xobeh
Okawaru
Qazlal
Ru
Trog
Uskayaw
Vehumet
Wu Jian
Yredelemnul
Zin
The Shining One

Shops:
D:1 *


Innate Abilities, Weirdness & Mutations

You have very sharp teeth.
Your uncanny sense of smell can sniff out nearby items.
Your experience applies equally to all skills.


Message History

You bite the gnoll sergeant, but do no damage.
The gnoll sergeant is moderately wounded.
The gnoll sergeant barely misses you.
You sock the gnoll sergeant!
Your weapon exudes an aura of protection.
The gnoll sergeant is severely wounded.
The gnoll bouda gazes fiercely through you!
You feel your attacks grow feeble.
The gnoll sergeant hits you but does no damage.
A wolf comes into view.
The gnoll sergeant hits you but does no damage.
The wolf howls!
You hit the gnoll sergeant.
You bite the gnoll sergeant, but do no damage.
The gnoll sergeant is almost dead.
You kill the gnoll sergeant!
The gnoll bouda hits you from afar with a +0 spear.
* * * LOW HITPOINT WARNING * * *
The gnoll sergeant barely misses you.
The gnoll bouda hits you but does no damage.
There is a gate leading back out of this place, spattered with blood here.
The gnoll sergeant hits you but does no damage.
Welcome back to the Dungeon!
There is an empty arch of ancient stone here.
Found 9 gold pieces.
Things that are here:
a +0 tower shield; a +2 vampiric spear Your attacks no longer feel as feeble.
Things that are here:
a +0 whip; a +0 spear; a +0 halberd You see here a +0 whip.
You see here a +0 vorpal halberd.
Things that are here:
a +0 ring mail; a +0 halberd
Things that are here:
a +0 club; a +0 spear; a gnoll skeleton Save game and exit?
Welcome back, Garessta the Gnoll Warper.
Press ? for a list of commands and other information.
Are you sure you want to abandon this character and quit the game? (Confirm with "yes".)

,,,,,,,,*,***#.##*##.#***,*,,**
,,*,****#.* #..∆,...## *,*,,,***
,,*,* #.####.#**#...# *,,,,,,,,
,,*****##......## #...# ***,,,,**
,,,,,,,$........# #...# **,,,,,,
,*******#.....#.###...# *,,,,,,,
,* #......)).....######,,,,, ,*
##......)[.....#....#*,,.*
,******#......[∩@.#...#....#*,..*
,,,,,,,........).)##.##....##...,
,,,,,,,...........##............,
,,,,,,,...........#####....##.#.,
,,,,,,,..........## #....#*,*,,
,,,,,,,.##.####### #....#*,,,,
,,,,,,,,*#.**** ####.######
,,,,,,,,*#,,,,* #.##....
,*,*,,,,,,,**,* #.......


There were no monsters in sight!

Vanquished Creatures
  Grinder (D:4)
  A troll (D:6)
  Eustachio (D:5)
  Grum (Bailey)
  Menkaure (D:4)
  2 water moccasins
  The ghost of kyyface the Ruffian, an amateur TrBe of Trog (D:5)
  An orc warrior (D:5)
  An ice beast (D:5)
  6 ogres
  2 black bears (D:5)
  A wolf (Bailey)
  A centaur (D:6)
  6 gnoll sergeants
  A bullfrog (D:7)
  A scorpion (D:5)
  A gnoll bouda (Bailey)
  4 orc priests
  4 hounds
  2 iguanas
  6 orc wizards
  8 mummies (Ossuary)
  13 gnolls
  8 adders
  2 shadow imps (D:6)
  A white imp (D:6)
  2 dart slugs
  19 orcs
  6 endoplasms
  2 giant cockroaches
  5 goblins
  A hobgoblin (D:3)
  5 jackals
  2 kobolds
  5 quokkas
  4 ball pythons
  4 bats
  4 frilled lizards
  2 gnoll zombies (Ossuary)
  A hobgoblin zombie (Ossuary)
  2 kobold zombies (Ossuary)
  3 orc zombies (Ossuary)
  5 rats
149 creatures vanquished.

Vanquished Creatures (others)
  A goblin (D:4)
1 creature vanquished.

Grand Total: 150 creatures vanquished

Notes
Turn   | Place    | Note
-------+----------+-------------------------------------------
     0 | D:1      | Garessta the Gnoll Warper began the quest for the Orb.
     0 | D:1      | Reached XP level 1. HP: 20/20 MP: 6/6
   209 | D:1      | Found Rabetrer's General Store.
   737 | D:1      | Reached XP level 2. HP: 26/26 MP: 7/7
   912 | D:2      | Found a faded altar of an unknown god.
  1128 | D:2      | Reached skill level 5 in Spellcasting
  1128 | D:2      | Reached XP level 3. HP: 31/31 MP: 7/9
  1289 | D:2      | Reached skill level 1 in Invocations
  1668 | D:2      | Reached skill level 1 in Short Blades
  1668 | D:2      | Reached skill level 1 in Long Blades
  1668 | D:2      | Reached skill level 1 in Axes
  1668 | D:2      | Reached skill level 1 in Maces & Flails
  1668 | D:2      | Reached skill level 1 in Staves
  1668 | D:2      | Reached skill level 1 in Ranged Weapons
  1668 | D:2      | Reached skill level 1 in Stealth
  1668 | D:2      | Reached skill level 1 in Shields
  1668 | D:2      | Reached skill level 1 in Unarmed Combat
  1668 | D:2      | Reached skill level 1 in Evocations
  1830 | D:2      | Learned a level 2 spell: Blink
  1976 | D:2      | Reached XP level 4. HP: 28/38 MP: 11/11
  3004 | D:3      | Reached skill level 1 in Conjurations
  3004 | D:3      | Reached skill level 1 in Hexes
  3004 | D:3      | Reached skill level 1 in Summonings
  3004 | D:3      | Reached skill level 1 in Necromancy
  3004 | D:3      | Reached skill level 1 in Transmutations
  3004 | D:3      | Reached skill level 1 in Fire Magic
  3004 | D:3      | Reached skill level 1 in Ice Magic
  3004 | D:3      | Reached skill level 1 in Air Magic
  3004 | D:3      | Reached skill level 1 in Earth Magic
  3004 | D:3      | Reached skill level 1 in Poison Magic
  3086 | D:3      | Reached XP level 5. HP: 35/43 MP: 12/12
  3145 | D:3      | Found the +7 staff of the Meek {protect, meekguard}
  3655 | D:1      | Bought a scroll of magic mapping for 82 gold pieces
  3773 | D:4      | Found a sand-covered staircase.
  3777 | Ossuary  | Entered an ossuary
  4132 | Ossuary  | Reached XP level 6. HP: 50/50 MP: 13/13
  4281 | D:4      | Reached skill level 5 in Fighting
  4281 | D:4      | Reached skill level 5 in Polearms
  4281 | D:4      | Reached skill level 5 in Dodging
  4289 | D:4      | Noticed Grinder
  4292 | D:4      | Paralysed by Grinder for 2 turns
  4310 | D:4      | Killed Grinder
  4311 | D:4      | Reached XP level 7. HP: 43/56 MP: 15/15
  4694 | D:4      | Noticed Menkaure
  5190 | D:4      | Found an iron altar of Okawaru.
  5361 | D:4      | Killed Menkaure
  5362 | D:4      | Reached XP level 8. HP: 63/63 MP: 16/16
  5556 | D:5      | Entered Level 5 of the Dungeon
  5720 | D:5      | Found a runed translucent door.
  5721 | D:5      | Noticed kyyface's ghost (amateur TrBe)
  6130 | D:5      | Noticed Eustachio
  6159 | D:5      | Killed Eustachio
  6302 | D:5      | Identified the ring "Nuareank" {rF+ rN++ Dex+6}
  6568 | D:5      | Reached XP level 9. HP: 17/69 MP: 18/18
  6820 | D:6      | Noticed a troll
  6828 | D:6      | Killed a troll
  6831 | D:6      | Reached skill level 5 in Throwing
  6831 | D:6      | Reached skill level 5 in Armour
  7055 | D:6      | Found a staircase to the Ecumenical Temple.
  7066 | Temple   | Entered the Ecumenical Temple
  7707 | D:1      | Bought the ring of the Middle {rF+ rN+ Will+ Str+6 Dex-3}
                  | for 588 gold pieces
  7810 | D:5      | Killed kyyface's ghost
  8073 | D:7      | Reached skill level 5 in Invocations
  8140 | D:7      | Found an ornate altar of the Wu Jian Council.
  8198 | D:7      | Found a flagged portal.
  8209 | Bailey   | Entered a bailey
  8593 | Bailey   | Noticed Grum
  8615 | Bailey   | Killed Grum
  8616 | Bailey   | Reached skill level 5 in Short Blades
  8616 | Bailey   | Reached skill level 5 in Long Blades
  8616 | Bailey   | Reached skill level 5 in Axes
  8616 | Bailey   | Reached skill level 5 in Maces & Flails
  8616 | Bailey   | Reached skill level 5 in Staves
  8616 | Bailey   | Reached skill level 5 in Ranged Weapons
  8616 | Bailey   | Reached skill level 5 in Stealth
  8616 | Bailey   | Reached skill level 5 in Shields
  8616 | Bailey   | Reached skill level 5 in Unarmed Combat
  8616 | Bailey   | Reached skill level 5 in Evocations
  8616 | Bailey   | Reached XP level 10. HP: 33/77 MP: 20/20
  8653 | D:7      | Quit the game

Illustrated notes

Levels and vault maps discovered:
D:1:      denvon_arrival_planthouse, layout_loops_ring, serial_shops, shop,
          chequers_serial_rivers_large_a, minmay_tetromino_s2
D:2:      layout_loops_corners, hellmonk_ecumenical_altar_lost_god
D:3:      layout_loops_corners, pf_guarded_unrand_meek
D:4:      layout_basic, mainiacjoe_overflow_paths,
          nicolae_ossuary_entry_false_entrances, uniq_grinder, uniq_menkaure
D:5:      layout_cave_pools, hellmonk_ghost_happy_afterlife,
          hellmonk_bongcloud_opening, columned_hall_lemuel, uniq_eustachio
D:6:      layout_cave_pools, minmay_temple_entry_grid, grunt_ministairs_14
D:7:      layout_basic, nicolae_wu_jian_wuxing_cycle, enter_bailey_2,
          kennysheep_doodads
Temple:   bh_familiar_temple

Skill      XL: |  1  2  3  4  5  6  7  8  9 10 |
---------------+-------------------------------+-----
Spellcasting   | 5 6 7 |  7.2
Invocations    | 1 2 3 4 5 |  5.6
Short Blades   | 1 2 3 4 5 |  5.1
Long Blades    | 1 2 3 4 5 |  5.1
Axes           | 1 2 3 4 5 |  5.1
Maces & Flails | 1 2 3 4 5 |  5.1
Staves         | 1 2 3 4 5 |  5.1
Ranged Weapons | 1 2 3 4 5 |  5.1
Stealth        | 1 2 3 4 5 |  5.1
Shields        | 1 2 3 4 5 |  5.1
Unarmed Combat | 1 2 3 4 5 |  5.1
Evocations     | 1 2 3 4 5 |  5.1
Conjurations   | 1 2 3 4 |  4.2
Hexes          | 1 2 3 4 |  4.2
Summonings     | 1 2 3 4 |  4.2
Necromancy     | 1 2 3 4 |  4.2
Transmutations | 1 2 3 4 |  4.2
Fire Magic     | 1 2 3 4 |  4.2
Ice Magic      | 1 2 3 4 |  4.2
Air Magic      | 1 2 3 4 |  4.2
Earth Magic    | 1 2 3 4 |  4.2
Poison Magic   | 1 2 3 4 |  4.2
Throwing       | 3 4 5 |  5.8
Armour         | 3 4 5 |  5.8
Fighting       | 5 6 |  6.9
Polearms       | 5 6 |  6.9
Dodging        | 5 6 |  6.9
Translocations | 6 7 |  7.0

Action                   |  1- 3 |  4- 6 |  7- 9 | 10-12 || total
-------------------------+-------+-------+-------+-------++-------
Melee: Spear             |   122 |    63 |       |       ||   185
       Bite              |     6 |    15 |    31 |     5 ||    57
       Punch             |     2 |     1 |       |       ||     3
       Quarterstaff      |       |    74 |   238 |    14 ||   326
Throw: Boomerang         |       |     7 |       |       ||     7
       Dart              |       |     6 |    36 |     8 ||    50
       Throwing net      |       |       |     1 |       ||     1
 Cast: Blink             |       |     1 |       |       ||     1
Evoke: Wand              |       |       |    10 |       ||    10
  Use: Scroll            |       |     5 |     1 |       ||     6
 Stab: Sleeping          |       |       |     1 |       ||     1
       Held in net/web   |       |       |     1 |       ||     1
       Invisible         |       |       |       |     1 ||     1
Armor: Ring mail         |    35 |     3 |       |       ||    38
       Leather armour    |       |    26 |    30 |       ||    56
       Plate armour      |       |       |   113 |    10 ||   123
Dodge: Dodged            |    58 |    56 |   168 |    16 ||   298

Table legend: (Time is in decaauts)
 A = Elapsed time spent in this place.
 B = Non-inter-level travel time spent in this place.
 C = Inter-level travel time spent in this place.
 D = Time resting spent in this place.
 E = Time spent auto-exploring this place.
 F = Levels seen in this place.
 G = Mean time per level.
                   A        B        C        D        E       F      G
               +--------+--------+--------+--------+--------+-----+--------+
         Total |   8680 |   8048 |    632 |   1512 |   5000 |  10 |  868.0 |
       Dungeon |   7556 |   6938 |    618 |   1192 |   4515 |   7 | 1079.4 |
        Temple |    190 |    176 |     14 |      0 |    172 |   1 |  190.0 |
       Ossuary |    495 |    495 |      0 |    113 |    217 |   1 |  495.0 |
        Bailey |    436 |    436 |      0 |    207 |     96 |   1 |  436.0 |
               +--------+--------+--------+--------+--------+-----+--------+

Top non-repeatable levels by time:
     D:2: 1700 daAuts
     D:5: 1517 daAuts
     D:3: 1466 daAuts
     D:4: 1072 daAuts
     D:1: 1012 daAuts
     D:6: 665 daAuts
 Ossuary: 495 daAuts
  Bailey: 436 daAuts
  Temple: 190 daAuts
     D:7: 121 daAuts
